[Event "Titled Tuesday Blitz March 21 Late 2023"]
[White "Zhigalko, Sergei"]
[Black "Bilych, Olexiy"]
[WhiteFideId "13502956"]
[BlackFideId "14156504"]
[WhiteElo "2626"]
[BlackElo "2320"]
[Result "1-0"]
[Round "04"]
[TimeControl "180+2"]
[Date "2023.03.21"]
[WhiteClock "0:00:03"]
[BlackClock "0:00:13"]

1. e4 c5 2. Nf3 d6 3. d4 cxd4 4. Qxd4 Nf6 5. Nc3 Nc6 6. Bb5 Bd7 7. Bxc6 Bxc6 8. Bg5 e6 9. O-O-O Be7 10. Rhe1 h6 11. Bh4 O-O 12. Kb1 Qa5 13. Qd2 Rfc8 14. Nd4 Qa6 15. f3 b5 16. Bf2 b4 17. Nce2 Rab8 18. g4 Nd7 19. h4 Ne5 20. b3 Bd7 21. Rg1 Rc5 22. f4 Ra5 23. Nc1 Nc6 24. g5 h5 25. g6 Bf6 26. gxf7+ Kxf7 27. Rg2 Rc5 28. e5 dxe5 29. Nxc6 Bxc6 30. Bxc5 Bxg2 31. fxe5 Bf3 32. Qd7+ Kg6 33. exf6 Bxd1 34. Qxg7+ Kf5 35. Qg5+ Ke4 36. Qe3+ Kd5 37. Qd4+ Kc6 38. Qd6+ Kb7 39. Qxd1 Qc6 40. Bxb4 Qb5 41. Qf3+ Ka6 42. Nd3 e5 43. f7 e4 44. Qxe4 1-0


[Site "https://www.chess.com"]

[Event "Titled Tuesday Blitz March 21 Late 2023"]
[White "Rustemov, Alexander"]
[Black "Klekowski, Maciej"]
[WhiteFideId "4119002"]
[BlackFideId "1132717"]
[WhiteElo "2865"]
[BlackElo "2540"]
[Result "0-1"]
[Round "04"]
[TimeControl "180+2"]
[Date "2023.03.21"]
[WhiteClock "0:00:35"]
[BlackClock "0:01:15"]

1. d4 Nf6 2. c4 e6 3. Nf3 b6 4. a3 Ba6 5. Qc2 c5 6. d5 exd5 7. cxd5 d6 8. Nc3 Be7 9. g3 O-O 10. Bg2 Re8 11. O-O Nbd7 12. h3 Bf8 13. Re1 Ne5 14. Nxe5 Rxe5 15. Bf4 Re8 16. e4 Nd7 17. Rad1 c4 18. Be3 Ne5 19. Bd4 Nd3 20. Re2 Qd7 21. Bf1 h5 22. Kh2 f5 23. f4 h4 24. e5 hxg3+ 25. Kxg3 g5 26. e6 Qh7 27. fxg5 Bg7 28. Bxg7 Kxg7 29. h4 Rh8 30. Rh2 f4+ 31. Kg2 Ne1+ 32. Rxe1 Qxc2+ 33. Re2 f3+ 34. Kxf3 Raf8+ 35. Kg3 Qd3+ 36. Kg2 Qf3+ 0-1


[Site "https://www.chess.com"]

[Event "Titled Tuesday Blitz March 21 Late 2023"]
[White "Rostovtsev, Dmitry"]
[Black "Ozer, Omer Faruk"]
[WhiteFideId "34278320"]
[BlackFideId "6354564"]
[WhiteElo "2280"]
[BlackElo "2260"]
[Result "1-0"]
[Round "04"]
[TimeControl "180+2"]
[Date "2023.03.21"]
[WhiteClock "0:00:05"]
[BlackClock "0:00:14"]

1. e4 c5 2. Nf3 Nc6 3. Bb5 e5 4. O-O Bd6 5. Re1 a6 6. Bf1 Nge7 7. c3 Qc7 8. h3 O-O 9. d4 cxd4 10. cxd4 exd4 11. Nxd4 Nxd4 12. Qxd4 b5 13. Nc3 Bb7 14. Rd1 Bc5 15. Qxd7 Qb6 16. Bg5 Bxf2+ 17. Kh1 Ng6 18. Nd5 Bxd5 19. exd5 Be3 20. Bxe3 Qxe3 21. d6 Rfd8 22. Qb7 Nf4 23. d7 Ne6 24. Rac1 Ra7 25. Qc8 g6 26. Re1 Qg5 27. Qc6 Raxd7 28. Qxa6 b4 29. Rc2 Nd4 30. Rf2 Nf5 31. Qb5 Rd2 32. Rxd2 Rxd2 33. Qxb4 Ng3+ 34. Kg1 Nxf1 35. Re8+ Kg7 36. Qf8+ Kf6 37. Qe7+ Kf5 38. Qe4+ Kf6 39. Qe7+ Kf5 40. Qe5# 1-0


[Site "https://www.chess.com"]

[Event "Titled Tuesday Blitz March 21 Late 2023"]
[White "Erigaisi Arjun"]
[Black "Vetoshko, Volodymyr"]
[WhiteFideId "35009192"]
[BlackFideId "14122480"]
[WhiteElo "2737"]
[BlackElo "2422"]
[Result "1-0"]
[Round "04"]
[TimeControl "180+2"]
[Date "2023.03.21"]
[WhiteClock "0:00:53"]
[BlackClock "0:00:02"]

1. b3 Nf6 2. Bb2 e6 3. g3 Be7 4. Bg2 O-O 5. Nf3 d5 6. O-O c5 7. c4 d4 8. e3 Nc6 9. exd4 cxd4 10. Re1 Ne8 11. d3 f6 12. Nbd2 e5 13. Nh4 Nc7 14. f4 exf4 15. gxf4 Bd6 16. f5 Bf4 17. Ndf3 Qd6 18. Re4 Be3+ 19. Kh1 Bd7 20. Qf1 Rae8 21. Rg4 b6 22. Re1 g5 23. Bh3 Kh8 24. Ng2 h5 25. Nxe3 hxg4 26. Nxg4 Kg7 27. Rxe8 Rxe8 28. Nd2 Qe7 29. Ne4 Rf8 30. Qf2 Ne5 31. Nxe5 Qxe5 32. Bxd4 Qf4 33. Qxf4 gxf4 34. Kg2 b5 35. Kf3 bxc4 36. bxc4 Bc6 37. Kxf4 Bxe4 38. dxe4 Rh8 39. Kg3 a6 40. Bb6 Ne8 41. c5 Rg8 42. Bf1 Kf7+ 43. Kf3 Ke7 44. Bxa6 Rh8 45. Kg3 Rg8+ 46. Kf2 Rh8 47. Kg2 Rg8+ 48. Kh1 Rg4 49. Bd3 Ng7 50. c6 Ne8 51. c7 Kd7 52. Bb5+ Kc8 53. Ba6+ 1-0


[Site "https://www.chess.com"]

[Event "Titled Tuesday Blitz March 21 Late 2023"]
[White "Papasimakopoulos, Alexandros"]
[Black "Duda, Jan-Krzysztof"]
[WhiteFideId "4244125"]
[BlackFideId "1170546"]
[WhiteElo "2359"]
[BlackElo "2790"]
[Result "1-0"]
[Round "04"]
[TimeControl "180+2"]
[Date "2023.03.21"]
[WhiteClock "0:00:09"]
[BlackClock "0:00:09"]

1. d4 Nf6 2. c4 g6 3. Nc3 Bg7 4. Bg5 h6 5. Bh4 d6 6. e3 O-O 7. Nf3 a5 8. Be2 b6 9. O-O Bb7 10. Nd2 Nbd7 11. Bf3 Qc8 12. h3 Re8 13. Bxb7 Qxb7 14. Qf3 c6 15. Rfd1 a4 16. Rac1 Reb8 17. Qe2 b5 18. cxb5 cxb5 19. Qf3 Qxf3 20. Nxf3 b4 21. Nb1 g5 22. Bg3 Ne4 23. Bh2 f5 24. Nfd2 Nef6 25. Nc4 Nd5 26. f3 N7b6 27. Nxb6 Rxb6 28. Kf2 f4 29. exf4 gxf4 30. Ke2 Kf7 31. Kd3 Rb5 32. Re1 Kg6 33. Re4 Kf5 34. Nd2 Bf6 35. Nf1 Bh4 36. Re2 Rg8 37. Rc6 a3 38. b3 Rbb8 39. Ra6 Ra8 40. Rxa8 Rxa8 41. Rc2 Rg8 42. Re2 h5 43. Rc2 Nc3 44. Rd2 Rc8 45. Rc2 e5 46. Nd2 exd4 47. Nc4 Rc6 48. Kxd4 d5 49. Na5 Nb5+ 50. Kd3 Rxc2 51. Kxc2 Nc3 52. Nc6 Nxa2 53. Bg1 Be1 54. Bc5 Ke6 55. Nd4+ Kd7 56. Ne2 Nc3 57. Bxb4 Nxe2 58. Bxe1 Nd4+ 59. Kb1 Nxb3 60. Ka2 Nc1+ 61. Kxa3 d4 62. Bd2 Ne2 63. Kb4 Ke6 64. Kc4 Ke5 65. Kd3 Ng3 66. Be1 Nf5 67. Bf2 Ne3 68. g3 fxg3 69. Bxg3+ Kd5 70. Bf2 Nf5 71. f4 Kc5 72. Ke4 Nd6+ 73. Ke5 Nc4+ 74. Ke4 Nd2+ 75. Kd3 Nb3 76. Ke4 Kc4 77. f5 d3 78. Be3 Nc5+ 79. Ke5 Nd7+ 80. Ke6 Nb6 81. f6 Nd5 82. Bd2 Nxf6 83. Kxf6 Kd4 84. Kg5 Ke4 85. Kxh5 Kf3 86. h4 Ke4 87. Kg6 Kf3 88. h5 Ke4 89. h6 Kf3 90. h7 Ke4 91. h8=Q Kf3 92. Qe5 Kf2 93. Qe3+ Kf1 94. Qxd3+ Kf2 95. Qe3+ Kf1 96. Qf3+ Kg1 97. Be3+ Kh2 98. Qg4 1-0


[Site "https://www.chess.com"]

[Event "Titled Tuesday Blitz March 21 Late 2023"]
[White "Firouzja, Alireza"]
[Black "Toniutti, Ezio"]
[WhiteFideId "12573981"]
[BlackFideId "113034"]
[WhiteElo "2904"]
[BlackElo "2215"]
[Result "1-0"]
[Round "04"]
[TimeControl "180+2"]
[Date "2023.03.21"]
[WhiteClock "0:00:15"]
[BlackClock "0:00:08"]

1. d4 d5 2. c4 c6 3. Nf3 Nf6 4. e3 Bf5 5. Nc3 e6 6. Nh4 Be4 7. f3 Bg6 8. Qb3 Qc7 9. Bd2 Be7 10. Rc1 Qd7 11. g3 O-O 12. Be2 Rd8 13. O-O dxc4 14. Bxc4 c5 15. Ne2 Nc6 16. Bc3 Rac8 17. Nxg6 hxg6 18. Rfd1 Nd5 19. Bxd5 Qxd5 20. Qxd5 Rxd5 21. e4 Rd7 22. d5 Rcd8 23. Nf4 Bg5 24. Re1 Bxf4 25. dxc6 Bxc1 26. cxd7 Bg5 27. f4 Bf6 28. e5 Be7 29. Rd1 f6 30. Kf2 Kf7 31. Kf3 b6 32. g4 Bf8 33. exf6 gxf6 34. h4 Bg7 35. f5 gxf5 36. gxf5 e5 37. Ke4 Ke7 38. h5 Rxd7 39. Rxd7+ Kxd7 40. Bd2 Kd6 41. h6 Bh8 42. Be1 Kc6 43. Bf2 b5 44. Be1 a6 45. Bd2 Kd6 46. Bc3 Kc6 47. Ba5 Kd6 48. Bd8 Kd7 49. Bb6 Kc6 50. Ba5 Kd6 51. a3 Kc6 52. Be1 Kd6 53. Bf2 Kc6 54. Be3 a5 55. Bd2 b4 56. axb4 cxb4 57. b3 Kb5 58. Kd3 a4 59. bxa4+ Kxa4 60. Kc2 Kb5 61. Kb3 Kc5 62. Bxb4+ Kd5 63. Bf8 Ke4 64. Bg7 Kxf5 65. Bxh8 Kg6 66. Bg7 e4 67. Kc3 f5 68. Kd4 Kh7 69. Ke3 Kg6 70. Kf4 Kh7 71. Kxf5 e3 72. Kg5 e2 73. Bc3 Kg8 74. Kg6 1-0


[Site "https://www.chess.com"]

[Event "Titled Tuesday Blitz March 21 Late 2023"]
[White "Vlassov, Nikolai"]
[Black "Sarana, Alexey"]
[WhiteFideId "4103360"]
[BlackFideId "24133795"]
[WhiteElo "2324"]
[BlackElo "2714"]
[Result "1/2-1/2"]
[Round "04"]
[TimeControl "180+2"]
[Date "2023.03.21"]
[WhiteClock "0:00:06"]
[BlackClock "0:00:03"]

1. e4 c5 2. c3 d5 3. exd5 Qxd5 4. d4 Nc6 5. Nf3 Nf6 6. dxc5 Qxc5 7. Be3 Qa5 8. Na3 e5 9. Nc4 Qc7 10. Be2 Be7 11. O-O O-O 12. Qb3 Be6 13. Ng5 Bd5 14. Qc2 h6 15. Nf3 Rfd8 16. Rad1 Ng4 17. h3 Nf6 18. a4 Rac8 19. Rd2 e4 20. Nh2 Be6 21. Rfd1 Rxd2 22. Rxd2 b6 23. Na3 Ne5 24. Nb5 Qb7 25. Nd6 Bxd6 26. Rxd6 Qe7 27. Rd1 Bc4 28. Bd4 Bd3 29. Bxd3 Nxd3 30. Qe2 Nf4 31. Qe1 N6d5 32. Ng4 Re8 33. Qf1 Qg5 34. Kh2 Nd3 35. g3 Re6 36. Ne3 Nxb2 37. Nxd5 Qxd5 38. c4 Nxc4 39. Bxg7 Qc6 40. Ba1 Ne5 41. Qe2 Nf3+ 42. Kg2 Kh7 43. Qe3 Qxa4 44. Qc3 Re5 45. Rd8 Qb5 46. Qc7 Rf5 47. Rh8+ Kg6 48. Qd6+ f6 49. Rg8+ Kh7 50. Qf8 Ne1+ 51. Kg1 Nf3+ 52. Kg2 Ne1+ 53. Kg1 Nf3+ 54. Kg2 1/2-1/2


[Site "https://www.chess.com"]

[Event "Titled Tuesday Blitz March 21 Late 2023"]
[White "Tregubov, Pavel V."]
[Black "Deac, Bogdan-Daniel"]
[WhiteFideId "4115341"]
[BlackFideId "1226380"]
[WhiteElo "2425"]
[BlackElo "2649"]
[Result "1-0"]
[Round "04"]
[TimeControl "180+2"]
[Date "2023.03.21"]
[WhiteClock "0:00:06"]
[BlackClock "0:00:03"]

1. e4 c6 2. Nf3 d5 3. Nc3 dxe4 4. Nxe4 Nf6 5. Qe2 Na6 6. Nxf6+ gxf6 7. d4 Qd5 8. h3 Bf5 9. c3 O-O-O 10. Nh4 Bd7 11. Qf3 Nc7 12. Bd3 Qxf3 13. Nxf3 Rg8 14. Rg1 h5 15. Bd2 e5 16. O-O-O Re8 17. Rde1 Bd6 18. dxe5 fxe5 19. Nh4 Bc5 20. Rgf1 Nd5 21. Bh7 Rg7 22. Be4 Nf6 23. Bc2 Rgg8 24. Be3 Be7 25. c4 b6 26. Rg1 Be6 27. b3 e4 28. Bd4 Nd7 29. Rxe4 Bxh3 30. Rge1 Be6 31. g3 Kd8 32. R4e2 Nf6 33. Nf5 Ng4 34. Nxe7 Kxe7 35. f3 Nf6 36. f4 c5 37. Bc3 Rxg3 38. Bb2 Ng4 39. f5 h4 40. fxe6 f6 41. Rd1 Rd8 42. Rxd8 Kxd8 43. e7+ 1-0


[Site "https://www.chess.com"]

[Event "Titled Tuesday Blitz March 21 Late 2023"]
[White "Alekseenko, Kirill"]
[Black "Panesso Rivera, Henry"]
[WhiteFideId "4135539"]
[BlackFideId "4402707"]
[WhiteElo "2683"]
[BlackElo "2345"]
[Result "1-0"]
[Round "04"]
[TimeControl "180+2"]
[Date "2023.03.21"]
[WhiteClock "0:00:19"]
[BlackClock "0:00:03"]

1. d4 Nf6 2. Nc3 d6 3. e4 g6 4. f4 Bg7 5. Nf3 O-O 6. Bd3 Na6 7. O-O c5 8. d5 Bg4 9. Qe1 Nb4 10. a3 Nxd3 11. cxd3 Qb6 12. Kh1 Bxf3 13. Rxf3 Rac8 14. f5 c4 15. d4 Nd7 16. Be3 Qxb2 17. Rb1 Qxa3 18. Rxb7 Rcd8 19. Bg1 Qa5 20. Qh4 Bf6 21. Qf4 Qa6 22. Rb2 Rb8 23. Ra2 Qb7 24. Rh3 Bg7 25. Qh4 h6 26. Qxe7 Rfe8 27. Qxd6 gxf5 28. Rg3 Kh8 29. e5 Nf8 30. h3 Red8 31. Qa6 Qxa6 32. Rxa6 Rb3 33. Rxa7 Ng6 34. Rxf7 Kh7 35. d6 f4 36. Rf3 Nh4 37. R3xf4 Rxc3 38. Rxh4 Kg6 39. e6 Bf6 40. Rg4+ Bg5 41. e7 Kxf7 42. exd8=Q Bxd8 43. d5 Ke8 44. Rg7 Rc1 45. Kh2 Bf6 46. d7+ Kd8 47. Bb6# 1-0


[Site "https://www.chess.com"]

[Event "Titled Tuesday Blitz March 21 Late 2023"]
[White "Kakabayev, Mergen"]
[Black "Makhnev, Denis"]
[WhiteFideId "14002990"]
[BlackFideId "13707647"]
[WhiteElo "2259"]
[BlackElo "2525"]
[Result "0-1"]
[Round "04"]
[TimeControl "180+2"]
[Date "2023.03.21"]
[WhiteClock "0:00:13"]
[BlackClock "0:00:08"]

1. e4 e5 2. Nc3 Nf6 3. Bc4 Bb4 4. Nge2 c6 5. O-O O-O 6. d4 d6 7. a3 Ba5 8. h3 h6 9. Ng3 Re8 10. b4 Bb6 11. d5 Bd4 12. Bb2 cxd5 13. exd5 Nbd7 14. Bb3 Nf8 15. Nge2 Bb6 16. Kh2 Ng6 17. Ng3 Nf4 18. Nce4 Nxe4 19. Nxe4 Bf5 20. Qf3 Bh7 21. c4 f5 22. Ng3 Qh4 23. Bc1 Bd4 24. Ra2 a5 25. Bxf4 exf4 26. Ne2 Be5 27. Kg1 Bg6 28. Qd3 Bh5 29. f3 Qf6 30. c5 Bf7 31. Rd1 axb4 32. axb4 Rxa2 33. Bxa2 Ra8 34. Bc4 g6 35. c6 Qd8 36. b5 Qb6+ 37. Kh2 Qc5 38. Nd4 bxc6 39. Nxc6 Ra3 40. Qe2 Bf6 41. Rb1 Qb6 42. Qf1 Kg7 43. Qg1 Qb7 44. b6 h5 45. Qd1 h4 46. Qc1 Ra4 47. Qc2 Ra3 48. Qd2 Rc3 49. Bf1 Ra3 50. Qxf4 Bxd5 51. Qxd6 Bxc6 52. Qc7+ Qxc7+ 53. bxc7 Be5+ 54. Kh1 Bxc7 55. Rc1 Bf4 56. Rxc6 Ra1 57. Kg1 Be3+ 58. Kh2 Rxf1 59. g3 Rf2+ 60. Kh1 hxg3 0-1


[Site "https://www.chess.com"]

[Event "Titled Tuesday Blitz March 21 Late 2023"]
[White "Martinez Alcantara, Jose Eduardo"]
[Black "Melikyan, Gnel"]
[WhiteFideId "3805662"]
[BlackFideId "54109990"]
[WhiteElo "2712"]
[BlackElo "2138"]
[Result "1-0"]
[Round "04"]
[TimeControl "180+2"]
[Date "2023.03.21"]
[WhiteClock "0:01:08"]
[BlackClock "0:00:08"]

1. e4 c6 2. d4 d5 3. e5 c5 4. dxc5 Nc6 5. Nf3 Bg4 6. c3 e6 7. Be3 Nge7 8. Nbd2 Nf5 9. Bd4 Nfxd4 10. cxd4 Qa5 11. Qb3 O-O-O 12. Qc3 Qxc3 13. bxc3 f6 14. Bb5 Na5 15. O-O b6 16. cxb6 axb6 17. Rfe1 h6 18. h3 Bxf3 19. Nxf3 f5 20. Rab1 g5 21. Re2 Kc7 22. Bd3 Ba3 23. Ne1 Rb8 24. Nc2 Be7 25. Ne3 Rhc8 26. Ba6 Rf8 27. Rc2 f4 28. Nf1 b5 29. Nd2 Nc4 30. Nxc4 bxc4 31. Bb5 Ra8 32. a4 Rfb8 33. Rd1 h5 34. g3 f3 35. Rcc1 g4 36. h4 Bf8 37. Rb1 Bh6 38. Kf1 Ra5 39. Ra1 Rb6 40. Ke1 Rb7 41. Rdb1 Rb6 42. Kd1 Rb8 43. Kc2 Bg7 44. Rb2 Bh6 45. Rab1 Ra7 46. Ra2 Ra5 47. Rab2 Rb6 48. Be8 Rxb2+ 49. Rxb2 Ra8 50. Bb5 Bg7 51. Ra2 Bh6 52. a5 Rb8 53. a6 Ra8 54. a7 Bg7 55. Ra6 Kb7 56. Rxe6 Rxa7 57. Re7+ Kb6 58. Rxa7 Kxa7 59. Be8 Bh6 60. Bxh5 Kb6 61. Bxg4 Be3 62. fxe3 1-0


[Site "https://www.chess.com"]

[Event "Titled Tuesday Blitz March 21 Late 2023"]
[White "Steinberg, Nitzan"]
[Black "Srinath, Rao S.V."]
[WhiteFideId "2801795"]
[BlackFideId "5028876"]
[WhiteElo "2486"]
[BlackElo "2196"]
[Result "1-0"]
[Round "04"]
[TimeControl "180+2"]
[Date "2023.03.21"]
[WhiteClock "0:00:19"]
[BlackClock "0:00:07"]

1. Nf3 d5 2. g3 Bf5 3. Bg2 e6 4. d3 h6 5. O-O c6 6. Nbd2 Nf6 7. Qe1 Be7 8. e4 Bh7 9. Qe2 a5 10. Re1 O-O 11. e5 Nfd7 12. Nf1 c5 13. h4 Nc6 14. N1h2 Qc7 15. Bf4 a4 16. a3 Rfc8 17. Ng4 Bf8 18. c3 d4 19. c4 Bf5 20. Ngh2 Qb6 21. g4 Bh7 22. h5 Qb3 23. Rad1 b5 24. cxb5 Qxb5 25. g5 Rab8 26. Rd2 Ne7 27. gxh6 Nd5 28. Bg3 gxh6 29. Ng4 c4 30. Nxd4 cxd3 31. Qf3 Qa5 32. Bf4 Nxf4 33. Qxf4 Rxb2 34. Rxb2 Qxe1+ 35. Kh2 Qc1 36. Qg3 Qg5 37. Rb7 d2 38. Rxd7 d1=Q 39. Nxe6 Qdxg4 40. Nxg5 Qxg3+ 41. fxg3 hxg5 42. Bd5 1-0


[Site "https://www.chess.com"]

[Event "Titled Tuesday Blitz March 21 Late 2023"]
[White "Gontcharov, Vladislav"]
[Black "Indjic, Aleksandar"]
[WhiteFideId "4123492"]
[BlackFideId "911925"]
[WhiteElo "2470"]
[BlackElo "2614"]
[Result "0-1"]
[Round "04"]
[TimeControl "180+2"]
[Date "2023.03.21"]
[WhiteClock "0:00:02"]
[BlackClock "0:00:10"]

1. d4 Nf6 2. Nf3 e6 3. c4 c5 4. Nc3 cxd4 5. Nxd4 Nc6 6. Ndb5 d6 7. Bf4 e5 8. Bg5 a6 9. Na3 Be7 10. g3 Qb6 11. Bxf6 Bxf6 12. Qd2 Be6 13. Bg2 O-O 14. O-O Rfd8 15. Rfd1 h5 16. Bd5 h4 17. Nc2 Be7 18. b3 Rac8 19. Kg2 h3+ 20. Kg1 Qa7 21. Rac1 Bf6 22. Ne4 Be7 23. Ng5 Bxd5 24. cxd5 Nb8 25. Nxh3 Nd7 26. Ne3 g6 27. Kg2 Nf6 28. Ng5 Bf8 29. h4 Bg7 30. Rxc8 Rxc8 31. Rc1 Rc5 32. b4 Rxc1 33. Qxc1 Qb8 34. Qc4 Bh6 35. a4 Qd8 36. b5 a5 37. f3 Nd7 38. f4 Nc5 39. Ng4 Bf8 40. e4 exf4 41. gxf4 b6 42. Kf3 Bg7 43. e5 Qe7 44. Qd4 Nd7 45. exd6 Qxd6 46. Qe4 Nf8 47. Qe8 Qxd5+ 48. Kg3 f6 49. Nf3 Qf7 50. Qc6 Qe6 51. Qxe6+ Nxe6 0-1


[Site "https://www.chess.com"]

[Event "Titled Tuesday Blitz March 21 Late 2023"]
[White "Drygalov, Sergey"]
[Black "Alex_Sahakyan2006"]
[WhiteFideId "24171743"]
[WhiteElo "2533"]
[BlackElo "2627"]
[Result "1-0"]
[Round "04"]
[TimeControl "180+2"]
[Date "2023.03.21"]
[WhiteClock "0:00:59"]
[BlackClock "0:00:05"]

1. d4 Nf6 2. c4 c5 3. d5 b5 4. cxb5 a6 5. bxa6 g6 6. Nc3 Bg7 7. e4 O-O 8. Nf3 Qa5 9. Bd2 Bxa6 10. Be2 d6 11. O-O Bxe2 12. Qxe2 Qa6 13. Rfe1 Qxe2 14. Rxe2 Nfd7 15. Bg5 Re8 16. a4 Na6 17. Nb5 h6 18. Bf4 g5 19. Bg3 Reb8 20. h3 Nb4 21. Ra3 Nb6 22. e5 N4xd5 23. exd6 exd6 24. Bxd6 Rc8 25. b3 c4 26. a5 Nd7 27. bxc4 Rxc4 28. a6 Bf8 29. Bxf8 Kxf8 30. a7 N7b6 31. Nfd4 Rc5 32. g3 h5 33. Re5 g4 34. Rxh5 gxh3 35. Rxh3 Ke7 36. Rh6 Nc4 37. Ra1 f6 38. Rh7+ 1-0


[Site "https://www.chess.com"]

[Event "Titled Tuesday Blitz March 21 Late 2023"]
[White "Li, Ruifeng"]
[Black "Volkov, Maksim"]
[WhiteFideId "2061074"]
[BlackFideId "54123070"]
[WhiteElo "2441"]
[BlackElo "2312"]
[Result "1-0"]
[Round "04"]
[TimeControl "180+2"]
[Date "2023.03.21"]
[WhiteClock "0:00:24"]
[BlackClock "0:00:15"]

1. b3 e5 2. Bb2 Nc6 3. Nf3 e4 4. Nd4 Nf6 5. e3 d5 6. d3 Nxd4 7. Bxd4 Bd6 8. Nd2 O-O 9. Be2 Re8 10. O-O Bf5 11. dxe4 Nxe4 12. Nxe4 Bxe4 13. Bd3 Qg5 14. Bxe4 Rxe4 15. Qf3 Rae8 16. h3 a6 17. Rad1 c6 18. c4 dxc4 19. bxc4 Bc5 20. Bxc5 Qxc5 21. Rd7 R4e7 22. Rfd1 h6 23. Qf4 b5 24. cxb5 axb5 25. R1d6 Rxd7 26. Rxd7 Re7 27. Rd8+ Kh7 28. Qb8 Qe5 29. Qc8 c5 30. Rh8+ Kg6 31. Qc6+ Re6 32. Qxb5 Qa1+ 33. Kh2 Qxa2 34. Qd3+ f5 35. Qd7 Rf6 36. Qe8+ Rf7 37. Rf8 Qd5 38. Rxf7 Qxf7 39. Qc6+ Qf6 40. Qxc5 Kh7 41. Qc7 h5 42. Qf4 Kg6 43. h4 Kh7 44. Kg3 Qg6+ 45. Kh3 Qf7 46. e4 Qb3+ 47. Qf3 Qxf3+ 48. gxf3 f4 49. Kg2 Kg6 50. Kf1 Kf6 51. Ke2 g5 52. hxg5+ Kxg5 53. Kf1 Kg6 54. Kg2 Kh6 55. Kh3 Kg5 56. Kh2 Kg6 57. Kg2 Kg5 58. Kh3 Kh6 59. Kh4 Kg6 60. e5 Kf5 61. Kxh5 Kxe5 62. Kg5 Ke6 63. Kxf4 Kf6 64. Kg4 Kg6 65. f4 Kf6 66. f5 Kf7 67. Kg5 Kg7 68. f6+ Kf7 69. Kf5 Kf8 70. Kg6 Kg8 71. f7+ Kf8 72. f3 1-0


[Site "https://www.chess.com"]

[Event "Titled Tuesday Blitz March 21 Late 2023"]
[White "Brodowski, Piotr"]
[Black "Yeletsky, Ivan"]
[WhiteFideId "1124480"]
[BlackFideId "24180327"]
[WhiteElo "2351"]
[BlackElo "2414"]
[Result "1-0"]
[Round "04"]
[TimeControl "180+2"]
[Date "2023.03.21"]
[WhiteClock "0:00:18"]
[BlackClock "0:00:08"]

1. Nf3 Nc6 2. c4 d6 3. Nc3 Bg4 4. d4 g6 5. g3 Bg7 6. d5 Nb8 7. Bg2 Nf6 8. Nd4 O-O 9. h3 Bd7 10. O-O Qc8 11. Kh2 e5 12. dxe6 fxe6 13. c5 dxc5 14. Nb3 Na6 15. Be3 b6 16. Bxa8 Qxa8 17. f3 Nd5 18. Bf2 Bc6 19. Rc1 Nab4 20. a3 Nxc3 21. bxc3 Na2 22. Rc2 Nxc3 23. Qc1 Na4 24. Bd4 e5 25. Ba1 Qe8 26. Nd2 e4 27. Bxg7 Kxg7 28. Nxe4 Bxe4 29. fxe4 Rxf1 30. Qxf1 Qxe4 31. Rd2 Qe6 32. Qf4 Nc3 33. Qxc7+ Kh6 34. Qf4+ Kg7 35. h4 Nd5 36. Qb8 Nf6 37. Qf4 h5 38. e4 c4 39. Rd6 Ng4+ 40. Kg2 Qf7 41. Rc6 Qxf4 42. gxf4 b5 43. Kf3 Kh6 44. Ra6 c3 45. Rc6 Nh2+ 46. Ke2 a5 47. Rxc3 b4 48. axb4 axb4 49. Rb3 Ng4 50. Rxb4 Nf6 51. Kf3 Nd7 52. Rc4 Nb6 53. Rc6 Nd7 54. e5 Nf8 55. f5 1-0


[Site "https://www.chess.com"]

[Event "Titled Tuesday Blitz March 21 Late 2023"]
[White "Gharibyan, Mamikon"]
[Black "benny_aizenberg"]
[WhiteFideId "13308300"]
[WhiteElo "2445"]
[BlackElo "2618"]
[Result "1-0"]
[Round "04"]
[TimeControl "180+2"]
[Date "2023.03.21"]
[WhiteClock "0:00:37"]
[BlackClock "0:00:07"]

1. Nf3 d5 2. g3 c5 3. Bg2 Nc6 4. O-O e5 5. d3 h5 6. c4 d4 7. b4 cxb4 8. a3 bxa3 9. Bxa3 Bxa3 10. Nxa3 Nge7 11. h4 Bg4 12. c5 Nd5 13. Nc4 O-O 14. Nfxe5 Nxe5 15. Nxe5 Nc3 16. Qd2 Bxe2 17. Rfe1 Re8 18. Rxe2 f6 19. Ree1 Rxe5 20. Rxe5 fxe5 21. Bxb7 Rb8 22. Rxa7 Nb5 23. Qa2+ Kh8 24. Ra8 Nc7 25. Rxb8 Qxb8 26. Bf3 Qb5 27. c6 Qxd3 28. Qf7 e4 29. Qf8+ Kh7 30. Qf5+ g6 31. Qf7+ Kh8 32. Qf8+ Kh7 33. Qe7+ Kh8 34. Bxe4 Qd1+ 35. Kg2 Qe2 36. Qd8+ Kg7 37. Qxc7+ Kf6 38. Qf4+ Ke6 39. c7 Kd7 40. Bb7 1-0


[Site "https://www.chess.com"]

[Event "Titled Tuesday Blitz March 21 Late 2023"]
[White "Mustafayev, Farid"]
[Black "Perez Ponsa, Federico"]
[WhiteFideId "13408771"]
[BlackFideId "117927"]
[WhiteElo "2269"]
[BlackElo "2592"]
[Result "1-0"]
[Round "04"]
[TimeControl "180+2"]
[Date "2023.03.21"]
[WhiteClock "0:01:16"]
[BlackClock "0:01:06"]

1. Nf3 Nf6 2. g3 g6 3. Bg2 Bg7 4. O-O O-O 5. c4 d6 6. Nc3 Nc6 7. b3 e5 8. Bb2 Re8 9. d3 e4 10. Ng5 e3 11. fxe3 Ng4 12. Nxf7 Qd7 13. Bd5 Nxe3 14. Ne5+ Kh8 15. Nxd7 Nxd1 16. Raxd1 Bxd7 17. Rf7 Bd4+ 18. Kh1 Ne5 19. Rf4 Be3 20. Rff1 c6 21. Bg2 Bd4 22. h3 Rf8 23. Rf4 Be3 24. Ne4 Rxf4 25. gxf4 Bxf4 26. e3 Bh6 27. Nxd6 Bg7 28. Bxe5 1-0


[Site "https://www.chess.com"]

[Event "Titled Tuesday Blitz March 21 Late 2023"]
[White "Ozen, Bahadir"]
[Black "Zhurbinsky, David"]
[WhiteFideId "6337058"]
[BlackFideId "2072904"]
[WhiteElo "2503"]
[BlackElo "2615"]
[Result "1/2-1/2"]
[Round "04"]
[TimeControl "180+2"]
[Date "2023.03.21"]
[WhiteClock "0:00:05"]
[BlackClock "0:00:08"]

1. d4 Nf6 2. Nf3 e6 3. c4 Bb4+ 4. Bd2 c5 5. Bxb4 cxb4 6. a3 bxa3 7. Rxa3 O-O 8. Nc3 b6 9. e4 d6 10. Bd3 Bb7 11. O-O Nbd7 12. Qa1 a6 13. Re1 e5 14. b3 Re8 15. Qb2 Qe7 16. Raa1 exd4 17. Nxd4 Nc5 18. Bc2 Qe5 19. Nf3 Qh5 20. Nd5 Bxd5 21. exd5 Nce4 22. Qd4 Nc5 23. b4 Ncd7 24. Rxe8+ Nxe8 25. Re1 Nef6 26. Ba4 b5 27. cxb5 axb5 28. Bxb5 Rb8 29. Bc6 h6 30. h3 Nb6 31. Rd1 Qf5 32. b5 Qc2 33. Qd2 Qb3 34. Re1 Nbxd5 35. Qd4 Qc3 36. Rd1 Qxd4 37. Rxd4 Nc3 38. Rxd6 Nxb5 39. Bxb5 Rxb5 40. Rd8+ Kh7 41. Rd2 Rb1+ 42. Kh2 Rb7 43. Re2 Nd5 44. g3 Nf6 45. Kg2 Rd7 46. Ne5 Re7 47. Kf1 Ra7 48. Nf3 Ra1+ 49. Kg2 Ra7 50. Kf1 Ra1+ 51. Kg2 Ra7 52. Kf1 1/2-1/2


[Site "https://www.chess.com"]

[Event "Titled Tuesday Blitz March 21 Late 2023"]
[White "Lamard, Guillaume"]
[Black "Idani, Pouya"]
[WhiteFideId "600261"]
[BlackFideId "12510130"]
[WhiteElo "2413"]
[BlackElo "2574"]
[Result "0-1"]
[Round "04"]
[TimeControl "180+2"]
[Date "2023.03.21"]
[WhiteClock "0:00:38"]
[BlackClock "0:00:33"]

1. d4 Nf6 2. Bf4 g6 3. Nc3 d5 4. e3 Bg7 5. Nb5 Na6 6. Nf3 O-O 7. h3 c6 8. Nc3 Qb6 9. Rb1 c5 10. Bxa6 bxa6 11. O-O Bd7 12. dxc5 Qxc5 13. Qd4 Rac8 14. Rfd1 Qxd4 15. Nxd4 Rfe8 16. Be5 e6 17. Rbc1 Ne4 18. Nxe4 Bxe5 19. Nd2 Rc7 20. N2b3 Rec8 21. c3 Ba4 22. Rd2 Bf6 23. Re1 e5 24. Nc2 Bc6 25. Nb4 d4 26. exd4 exd4 27. Nxc6 dxc3 28. bxc3 Rxc6 29. Rd7 R6c7 30. Re8+ Rxe8 31. Rxc7 Re1+ 32. Kh2 Be5+ 0-1


[Site "https://www.chess.com"]